 Dungeon Crawl Stone Soup version 0.24-a0-769-g368c1644f8 (webtiles) character file.

Game seed: 1924256243387702684, levelgen mode: deterministic

369768 Arixos the Bewitcher (level 21, -27/136 HPs)
             Began as a Vampire Enchanter on Oct 5, 2019.
             Was the Champion of Dithmenos.
             Killed by dispel undead
             ... invoked by a Tzitzimitl
             ... summoned by a deep elf demonologist
              (57 damage)
             ... on level 3 of the Elven Halls on Oct 6, 2019.
             The game lasted 09:45:06 (54918 turns).

Arixos the Bewitcher (Vampire Enchanter)           Turns: 54918, Time: 09:45:07

Health: -27/136    AC: 15    Str: 16    XL:     21   Next: 67%
Magic:  0/41       EV: 44    Int: 24    God:    Dithmenos [******]
Gold:   1605       SH: 10    Dex: 32    Spells: 7/52 levels left

rFire    + + .     SeeInvis +   g - +9 dagger (drain)
rCold    + + +     Gourm    .   j - +3 buckler {AC+3}
rNeg     + + +     Faith    .   b - +3 acid dragon scales
rPois    ∞         Spirit   +   y - +0 helmet
rElec    +         Reflect  .   (no cloak)
rCorr    +         Harm     .   c - +2 pair of gloves
MR       ++...                  r - +2 pair of boots of the Assassin {Detection Stab+ Stlth++}
Stlth    ++++++++++             G - amulet of guardian spirit
HPRegen  0.00/turn              Q - ring "Otaiteq" {+Blink EV+4 Str+4 Dex+3}
MPRegen  0.27/turn              P - ring "Wuanip" {rF+ Dex+3 Slay+3 Stlth+}

@: mighty, brilliant, agile, about to teleport, resistant, shrouded, corroded,
slightly contaminated, bloodless, regenerating quickly, slowed, wreathed by
umbra, invisible, very slow
A: no food, fangs 3, repulsion field 1, see invisible, berserk 1, dopey 1,
unbreathing
}: 2/15 runes: decaying, serpentine
a: Bat Form, Revivify, Shadow Step, Shadow Form, Renounce Religion, Evoke Blink


You were on level 3 of the Elven Halls.
You worshipped Dithmenos.
Dithmenos was exalted by your worship.
You were bloodless.

You visited 9 branches of the dungeon, and saw 40 of its levels.
You visited the Abyss 1 time.
You also visited: Ossuary, Gauntlet and Volcano.

You collected 4751 gold pieces.
You spent 3146 gold pieces at shops.

Inventory:

Hand Weapons
 d - a +2 rapier of electrocution
 g - a +9 dagger of draining (weapon)
 L - a +2 rapier of flaming
Armour
 b - +3 acid dragon scales (worn)
 c - a +2 pair of gloves (worn)
 j - a +3 buckler of protection (worn)
 r - the +2 pair of boots of the Assassin (worn) {Detection Stab+ Stlth++}
   (You acquired it on level 15 of the Dungeon)

   It makes you much more stealthy.
 y - a +0 helmet (worn)
 R - +0 fire dragon scales
Jewellery
 G - an amulet of guardian spirit (around neck)
 P - the ring "Wuanip" (right hand) {rF+ Dex+3 Slay+3 Stlth+}
   (You found it on level 13 of the Dungeon)

   [ring of protection from fire]

   It affects your dexterity (+3).
   It affects your accuracy and damage with ranged weapons and melee attacks
   (+3).
   It protects you from fire.
   It makes you more stealthy.
 Q - the ring "Otaiteq" (left hand) {+Blink EV+4 Str+4 Dex+3}
   (You took it off a minotaur in a Gauntlet)

   [ring of evasion]

   It affects your evasion (+4).
   It affects your strength (+4).
   It affects your dexterity (+3).
   It lets you blink.
Wands
 e - a wand of flame (13)
 n - a wand of clouds (5)
 s - a wand of disintegration (14)
 A - a wand of digging (6)
 B - a wand of iceblast (42)
 E - a wand of random effects (47)
 H - a wand of paralysis (30)
 I - a wand of polymorph (28)
 J - a wand of enslavement (12)
 N - a wand of acid (44)
Scrolls
 i - 16 scrolls of remove curse
 k - 3 scrolls of identify
 l - 8 scrolls of immolation
 p - 2 scrolls of silence
 q - a scroll of enchant weapon
 u - 4 scrolls of fear
 w - 5 scrolls of amnesia
 D - 4 scrolls of magic mapping
 F - a scroll of brand weapon
 O - 2 scrolls of enchant armour
Potions
 a - 5 potions of ambrosia
 f - 15 potions of curing
 h - 9 potions of brilliance
 m - a potion of agility
 t - a potion of invisibility
 z - 3 potions of flight
 C - 2 potions of mutation
 T - 2 potions of haste {unknown}
 V - a potion of cancellation
Miscellaneous
 K - 2 sacks of spiders
 S - a lamp of fire
 U - a lightning rod (4/4)
 X - a phial of floods


   Skills:
 + Level 15.8 Fighting
 - Level 14.0 Short Blades
 + Level 18.5 Dodging
 - Level 15.0 Stealth
 - Level 4.0 Shields
 + Level 16.0 Spellcasting
 - Level 2.0 Conjurations
 - Level 20.0 Hexes
 - Level 2.0 Summonings
 - Level 6.0 Translocations
 - Level 6.0 Transmutations
   Level 2.0 Fire Magic
 - Level 2.1 Ice Magic
 - Level 4.0 Air Magic
 - Level 6.0 Earth Magic
 - Level 2.0 Poison Magic
 + Level 7.1 Evocations


You had 7 spell levels left.
You knew the following spells:

 Your Spells              Type           Power        Failure   Level  Hunger
a - Ensorcelled Hibernat  Hex/Ice        ######       1%          2    N/A
b - Summon Guardian Gole  Hex/Summ       ######..     1%          3    N/A
c - Confuse               Hex            #######.     0%          3    N/A
d - Tukima's Dance        Hex            #######.     0%          3    N/A
e - Blink                 Tloc           N/A          1%          2    N/A
f - Mephitic Cloud        Conj/Pois/Air  #####...     1%          3    N/A
g - Gell's Gravitas       Tloc           ######....   1%          3    N/A
h - Apportation           Tloc           ######       1%          1    N/A
i - Invisibility          Hex            #######.     1%          6    N/A
l - Leda's Liquefaction   Hex/Erth       #######...   1%          4    N/A
m - Summon Mana Viper     Hex/Summ       ######..     1%          5    N/A
p - Petrify               Tmut/Erth      ######..     1%          4    N/A
r - Cause Fear            Hex            #######...   0%          4    N/A
s - Shroud of Golubria    Chrm/Tloc      #####.       1%          2    N/A

Your spell library contained the following spells:

 Spells                   Type           Power        Failure   Level  Hunger
 Confusing Touch          Hex            ######       0%          1    N/A
 Corona                   Hex            #######      0%          1    N/A
 Slow                     Hex            #######.     0%          2    N/A
 Animate Skeleton         Necr           N/A          1%          1    N/A
 Beastly Appendage        Tmut           ######       1%          1    N/A
 Flame Tongue             Conj/Fire      #####        1%          1    N/A
 Infusion                 Chrm           ####         1%          1    N/A
 Magic Dart               Conj           ####         1%          1    N/A
 Sandblast                Erth           ######       1%          1    N/A
 Shock                    Conj/Air       ####         1%          1    N/A
 Summon Butterflies       Summ           #####...     1%          1    N/A
 Summon Small Mammal      Summ           ####         1%          1    N/A
 Call Imp                 Summ           #####...     1%          2    N/A
 Passwall                 Tmut/Erth      ######..     1%          2    N/A
 Searing Ray              Conj           #####.       1%          2    N/A
 Sticks to Snakes         Tmut           ######..     1%          2    N/A
 Sublimation of Blood     Necr           ####......   1%          2    N/A
 Swiftness                Chrm/Air       #####...     1%          2    N/A
 Call Canine Familiar     Summ           #####...     1%          3    N/A
 Conjure Flame            Conj/Fire      #####...     1%          3    N/A
 Dazzling Spray           Conj/Hex       ######       1%          3    N/A
 Inner Flame              Hex/Fire       ######..     1%          3    N/A
 Lesser Beckoning         Tloc           ######....   1%          3    N/A
 Portal Projectile        Hex/Tloc       ######       1%          3    N/A
 Recall                   Summ/Tloc      N/A          1%          3    N/A
 Spider Form              Tmut/Pois      ######....   1%          3    N/A
 Static Discharge         Conj/Air       #####...     1%          3    N/A
 Stone Arrow              Conj/Erth      ######       1%          3    N/A
 Teleport Other           Tloc           ######..     1%          3    N/A
 Airstrike                Air            ######....   1%          4    N/A
 Force Lance              Conj/Tloc      ######..     1%          4    N/A
 Ice Form                 Ice/Tmut       ######..     1%          4    N/A
 Summon Ice Beast         Ice/Summ       #####...     1%          4    N/A
 Summon Lightning Spire   Summ/Air       #####...     1%          4    N/A
 Blade Hands              Tmut           ######....   1%          5    N/A
 Lee's Rapid Deconstruct  Erth           ######....   1%          5    N/A
 Metabolic Englaciation   Hex/Ice        ######....   1%          5    N/A
 Silence                  Hex/Air        ######....   1%          5    N/A
 Yara's Violent Unravell  Hex/Tmut       #######...   1%          5    N/A
 Sticky Flame             Conj/Fire      #####...     2%          4    N/A
 Throw Icicle             Conj/Ice       #####...     2%          4    N/A
 Alistair's Intoxication  Tmut/Pois      ######..     2%          5    N/A
 Irradiate                Conj/Tmut      ######....   2%          5    N/A
 Summon Forest            Summ/Tloc      ######....   2%          5    N/A
 Bolt of Magma            Conj/Fire/Erth #####.....   3%          5    N/A
 Lightning Bolt           Conj/Air       #####.....   3%          5    N/A
 Aura of Abjuration       Summ           #####.....   5%          5    N/A
 Summon Demon             Summ           #####.....   5%          5    N/A
 Venom Bolt               Conj/Pois      #####.....   5%          5    N/A
 Bolt of Draining         Conj/Necr      #####.....   8%          5    N/A
 Iskenderun's Battlesphe  Conj/Chrm      #####...     8%          5    N/A
 Excruciating Wounds      Chrm/Necr      ####......   12%         5    N/A
 Iron Shot                Conj/Erth      ######....   13%         6    N/A
 Freezing Cloud           Conj/Ice/Air   #####.....   21%         6    N/A
 Ozocubu's Refrigeration  Ice            #####.....   24%         6    N/A
 Bolt of Cold             Conj/Ice       #####.....   26%         6    N/A
 Shadow Creatures         Summ           N/A          26%         6    N/A
 Simulacrum               Ice/Necr       #####.....   34%         6    N/A
 Orb of Destruction       Conj           #####.....   73%         7    N/A
 Spellforged Servitor     Conj/Summ      #####.....   73%         7    N/A
 Ring of Flames           Chrm/Fire      #####.....   85%         7    N/A

Dungeon Overview and Level Annotations

Branches:
Dungeon (15/15)            Temple (1/1) D:6            Lair (6/6) D:10
  Swamp (4/4) Lair:4        Snake (4/4) Lair:4        Slime (1/5) Lair:6
    Orc (2/2) D:9             Elf (3/3) Orc:2        Vaults (4/5) D:13
  Crypt (0/3) Vaults:3     Depths (0/5) D:15        Ossuary (visited)
Volcano (visited)         Gauntlet (visited)

Altars:
Ashenzari
Cheibriados
Dithmenos
Fedhas
Gozag
Hepliaklqana
Kikubaaqudgha
Makhleb
Nemelex Xobeh
Okawaru
Qazlal
Ru
Sif Muna
Trog
Vehumet
Wu Jian
Xom
Yredelemnul
Zin
The Shining One
Beogh
Jiyva

Shops:
D:10 =   D:11 ?   D:15 }   Orc:2 [%%!   Elf:3 %   Snake:1 **[!   Snake:2 =}=
Vaults:3 :


Innate Abilities, Weirdness & Mutations

You do not eat.
You do not regenerate when monsters are visible.
You are frail without blood (-20% HP).
You are immune to poison.
You have razor-sharp teeth.
You have supernaturally acute eyesight. (SInv)
You can survive without breathing.
You are surrounded by a mild repulsion field. (EV +2)
You tend to lose your temper in combat.
You are dopey. (Int -2)


Message History

The deep elf sorcerer completely misses you.
The deep elf demonologist casts a spell.
The sun demon completely misses you. You block the Tzitzimitl's attack.
The Tzitzimitl completely misses you. The cacodemon gestures at you.
Strange energies course through your body.
You begin to radiate repulsive energy.
The hellion closely misses you.
You block the deep elf sorcerer's attack.
The deep elf sorcerer is empowered by the deep elf high priest's aura!
The deep elf demonologist is empowered by the deep elf high priest's aura! x2
The soul eater completely misses you.
You block the deep elf sorcerer's attack.
You hear a hideous shriek!
You feel better.
The deep elf sorcerer barely misses you.
You block the sun demon's attack. You block the hellion's attack.
The Tzitzimitl gestures at you.
You convulse!
You die...

##########)..########......##
............................#
............................#
..................4.......e.#
##'##########'##§§..........#
.................2xx....#...#
...............4e4e§....#...#
.............2.23ee3....#...#
####...#######e2@3x.....#...#
...#...#......§§e1§.#...#...#
...#...#.......§§§§§#...#...#
...#...#.(..........'...#
...#..)#...####'#...#...#
...'...#...#....#...#...#
...#...#...#....#...#...#
...#...#...#....#...#...#
####...#...#....#...#...#


You could see a Tzitzimitl, a deep elf blademaster, a cacodemon, a hell beast, 2
deep elf sorcerers, a soul eater, a sun demon, 2 deep elf demonologists, a deep
elf high priest, a smoke demon, 2 hellions, 2 chaos spawn and 3 crawling
corpses.

Vanquished Creatures
  Xtahua (Vaults:2)
  A tentacled monstrosity (Swamp:3)
  Asterion (Snake:1)
  Agnes (Snake:1)
  3 thorn hunters
  Donald (Swamp:3)
  5 nagarajas (Snake:4)
  A tengu reaver (Vaults:4)
  8 deep elf sorcerers
  4 frost giants
  10 vault wardens
  Aizul (Vaults:2)
  3 fire giants
  3 deep elf elementalists (Elf:3)
  5 very ugly things
  18 ironheart preservers
  3 stone giants
  8 deep elf demonologists
  A dire elephant (shapeshifter) (Vaults:1)
  Azrael (D:12)
  A minotaur (Gauntlet)
  7 deep elf annihilators
  3 deep elf death magi
  2 ettins
  Josephine (D:13)
  A great orb of eyes (Vaults:2)
  9 yaktaur captains
  9 ogre magi
  7 vault guards
  6 fire dragons
  24 hydras
  A rakshasa (Vaults:2)
  8 centaur warriors
  13 naga warriors
  4 ice dragons
  3 shambling mangroves
  2 ghost crabs
  A hydra (shapeshifter) (D:13)
  A catoblepas (Gauntlet)
  17 anacondas
  28 two-headed ogres
  3 deep troll shamans
  25 dancing weapons
  2 death knights
  A tengu warrior (Gauntlet)
  12 alligators
  2 deep troll earth magi
  16 death yaks
  Urug (Lair:2)
  2 thrashing horrors (Abyss:2)
  An orc high priest (Orc:1)
  A vampire mage (Vaults:3)
  Sonja (Lair:2)
  8 shock serpents
  Nergalle (Lair:2)
  16 deep elf knights
  16 naga sharpshooters
  3 shadow wraiths
  3 salamander mystics
  An unseen horror (D:11)
  3 naga ritualists
  9 skeletal warriors
  2 glowing orange brains
  12 deep trolls
  2 flayed ghosts
  3 spriggan druids
  10 swamp dragons
  9 starcursed masses (Abyss:2)
  4 harpies (Vaults:1)
  15 deep elf archers
  An anaconda skeleton (Volcano)
  8 mana vipers
  2 wizards
  13 orc knights
  61 deep elf magi
  9 ironbrand convokers
  3 necromancers (Vaults:3)
  A lindwurm (Lair:6)
  A shining eye (shapeshifter) (Vaults:2)
  12 salamanders
  6 orc sorcerers
  23 ugly things
  4 wolf spiders
  A manticore (D:12)
  Maurice (D:12)
  8 cyclopes
  A black mamba (shapeshifter) (D:15)
  A rust devil (Abyss:2)
  A stone giant skeleton (Vaults:3)
  A stone giant zombie (Vaults:3)
  14 elephants
  3 guardian serpents
  13 vault sentinels
  28 black mambas
  An eye of devastation (shapeshifter) (Vaults:4)
  15 naga magi
  5 gargoyles
  A spiny frog (shapeshifter) (Vaults:3)
  5 torpor snails (Lair:6)
  A yaktaur (shapeshifter) (D:15)
  5 rime drakes
  14 spiny frogs
  5 freezing wraiths
  27 yaktaurs
  The ghost of Gall2222 the Zephyrmancer, a novice TeAE (D:5)
  10 komodo dragons
  A hellwing (Abyss:2)
  2 tengu conjurers (Gauntlet)
  21 trolls
  12 tyrant leeches
  2 polar bears (Lair:5)
  2 harpy skeletons (Volcano)
  A jumping spider (shapeshifter) (Elf:3)
  17 hornets
  8 blink frogs
  A hornet (shapeshifter) (D:15)
  5 bog bodies
  14 slime creatures
  5 hippogriffs
  5 small abominations
  8 flying skulls
  3 shadows
  A ynoxinul (Abyss:2)
  A spriggan (Swamp:3)
  4 air elementals
  A centaur simulacrum (D:15)
  3 water elementals
  31 yaks
  An alligator skeleton (Volcano)
  A wyvern (shapeshifter) (Vaults:1)
  6 wraiths
  2 hogs (D:7)
  A human (D:7)
  3 fire bats (Lair:2)
  A wyvern (D:15)
  A golden eye (shapeshifter) (Vaults:1)
  8 vampire mosquitoes
  4 basilisks
  3 fire elementals (D:12)
  Menkaure (D:4)
  11 insubstantial wisps
  3 wargs
  14 swamp worms
  6 acid dragons
  An acid dragon (shapeshifter) (Vaults:1)
  61 nagas
  12 water moccasins
  5 hell hounds (D:12)
  12 porcupines
  18 swamp drakes
  27 orc warriors
  2 ice beasts (D:8)
  4 sky beasts
  6 necrophages (Lair:5)
  46 ogres
  4 phantoms
  A tengu (shapeshifter) (Vaults:4)
  An eye of draining (D:11)
  16 wolves
  2 boggarts (D:15)
  13 centaurs
  13 crocodiles
  An elf zombie (Ossuary)
  23 bullfrogs
  A human skeleton (Vaults:3)
  2 earth elementals
  12 scorpions
  A water moccasin skeleton (D:5)
  7 killer bees
  3 human simulacra (Vaults:2)
  5 spriggan skeletons (Volcano)
  5 howler monkeys
  13 wights
  A troll skeleton (Volcano)
  5 crimson imps
  2 bullfrog zombies
  7 hounds
  2 quasits
  4 centaur zombies
  6 jellies
  27 orc priests
  A gnoll shaman (D:3)
  2 bullfrog skeletons (D:5)
  7 centaur skeletons
  An iron imp (Abyss:2)
  Jessica (D:2)
  7 iguanas
  28 orc wizards
  7 hell rats
  12 worker ants
  2 killer bee zombies
  A big kobold zombie (Ossuary)
  A naga skeleton (Volcano)
  4 hound skeletons
  2 mummies (Ossuary)
  11 gnolls
  8 adders
  9 shadow imps
  An ooze (D:5)
  A worm zombie (D:6)
  2 adder skeletons
  An adder zombie (D:6)
  5 worms
  5 dart slugs
  2 leopard geckos
  88 orcs
  8 bats
  4 bat zombies (D:8)
  8 giant cockroaches
  10 goblins
  8 hobgoblins
  4 jackals (D:7)
  7 quokkas
  6 frilled lizards
  A gnoll zombie (Ossuary)
  3 goblin zombies (Ossuary)
  5 hobgoblin zombies (Ossuary)
  2 jackal zombies (D:5)
  7 kobolds
  An orc zombie (Ossuary)
  4 rats
  A rat zombie (D:6)
1590 creatures vanquished.

Vanquished Creatures (collateral kills)
  A revenant (Vaults:3)
  A nagaraja (Snake:4)
  A deep elf sorcerer (Elf:1)
  A fire giant (Vaults:3)
  A stone giant (Vaults:2)
  A deep elf demonologist (Vaults:4)
  An ogre mage (Vaults:1)
  A vault guard (Vaults:1)
  3 naga warriors
  3 two-headed ogres
  A deep elf knight (Vaults:4)
  A shadow wraith (Vaults:3)
  An ironbrand convoker (Vaults:2)
  A glowing orange brain (Vaults:1)
  A mana viper (Snake:4)
  A deep elf mage (Elf:1)
  3 ugly things (Vaults:1)
  2 naga magi (Snake:4)
  An insubstantial wisp (Swamp:1)
  11 nagas
  An orc warrior (D:11)
  An ogre (Orc:2)
  An orc wizard (Orc:2)
  An orc priest (Orc:2)
  4 orcs
  2 toadstools (Swamp:1)
47 creatures vanquished.

Vanquished Creatures (others)
  A vault warden (Vaults:2)
  A rakshasa (Vaults:2)
  An ogre mage (Vaults:4)
  A two-headed ogre (Vaults:3)
  3 deep elf knights
  A deep troll (Vaults:4)
  A deep elf archer (Elf:2)
  7 dancing weapons
  A necromancer (Vaults:3)
  3 deep elf magi
  A vault sentinel (Vaults:4)
  A gargoyle (Volcano)
  A flying skull (Volcano)
  A spriggan (Swamp:4)
  3 boggarts (D:15)
  An iguana (Lair:6)
  2 bushes (Lair:6)
  22 fungi
  A lurking horror (Abyss:2)
  35 plants
  4 starspawn tentacles (Abyss:2)
  9 toadstools (Swamp:1)
101 creatures vanquished.

Grand Total: 1738 creatures vanquished

Notes
Turn   | Place    | Note
-------+----------+-------------------------------------------
     0 | D:1      | Arixos the Vampire Enchanter began the quest for the Orb.
     0 | D:1      | Reached XP level 1. HP: 13/13 MP: 3/3
   137 | D:1      | Reached XP level 2. HP: 15/15 MP: 3/5
   141 | D:1      | Learned a level 2 spell: Ensorcelled Hibernation
   626 | D:1      | Reached XP level 3. HP: 20/20 MP: 6/6
   631 | D:1      | Learned a level 3 spell: Confuse
   940 | D:2      | Noticed Jessica
   951 | D:2      | Killed Jessica
   951 | D:2      | Reached skill level 1 in Fighting
  1006 | D:2      | Reached XP level 4. HP: 25/25 MP: 7/7
  1017 | D:2      | Found a shimmering altar of Xom.
  1133 | D:2      | Reached skill level 1 in Ice Magic
  1262 | D:2      | Reached skill level 5 in Hexes
  1480 | D:3      | Found a shimmering blue altar of Sif Muna.
  1513 | D:3      | Reached skill level 5 in Stealth
  1568 | D:3      | Reached XP level 5. HP: 21/29 MP: 1/8
  1630 | D:3      | Learned a level 3 spell: Tukima's Dance
  2562 | D:4      | Found a blossoming altar of Fedhas.
  2636 | D:4      | Reached XP level 6. HP: 35/35 MP: 10/10
  2722 | D:4      | Noticed Menkaure
  2730 | D:4      | Killed Menkaure
  2867 | D:4      | Reached skill level 6 in Hexes
  3035 | D:5      | Entered Level 5 of the Dungeon
  3049 | D:5      | Noticed a sky beast
  3058 | D:5      | Killed a sky beast
  3058 | D:5      | Reached XP level 7. HP: 40/40 MP: 8/11
  3062 | D:5      | Noticed Gall2222's ghost (novice TeAE)
  3496 | D:5      | Found a runed translucent gate.
  3496 | D:5      | Found a runed translucent gate.
  3581 | D:5      | Noticed a moth of wrath
  3584 | D:5      | Found a bloodstained altar of Trog.
  3970 | D:5      | Found a runed translucent gate.
  4661 | D:6      | Found a sand-covered staircase.
  4674 | Ossuary  | Entered an ossuary
  4851 | Ossuary  | Reached XP level 8. HP: 46/46 MP: 6/13
  5132 | Ossuary  | Reached skill level 7 in Hexes
  5938 | D:6      | Reached skill level 5 in Dodging
  5954 | D:6      | Found a staircase to the Ecumenical Temple.
  5966 | D:6      | Noticed a troll
  5974 | Temple   | Entered the Ecumenical Temple
  6064 | Temple   | Became a worshipper of Dithmenos the Shadowed
  6135 | D:6      | Killed a troll
  6135 | D:6      | Reached skill level 5 in Short Blades
  6163 | D:6      | Learned a level 4 spell: Petrify
  6349 | D:6      | Reached skill level 8 in Hexes
  6996 | D:7      | Reached XP level 9. HP: 52/52 MP: 15/15
  7017 | D:7      | Reached skill level 1 in Transmutations
  7020 | D:7      | Reached skill level 1 in Earth Magic
  7844 | D:7      | Reached skill level 5 in Spellcasting
  8030 | D:7      | Found a sparkling altar of Nemelex Xobeh.
  8103 | D:7      | Reached * piety under Dithmenos
  8871 | D:8      | Reached skill level 9 in Hexes
  9181 | D:8      | Found an ancient bone altar of Kikubaaqudgha.
  9626 | D:8      | Reached XP level 10. HP: 58/58 MP: 18/18
  9650 | D:8      | Found a radiant altar of Vehumet.
  9650 | D:8      | Found a sacrificial altar of Ru.
  9666 | D:8      | Reached ** piety under Dithmenos
 10004 | D:9      | Noticed a two-headed ogre
 10011 | D:9      | Killed a two-headed ogre
 10011 | D:9      | Reached skill level 5 in Fighting
 10073 | D:9      | Reached skill level 10 in Stealth
 10193 | D:9      | Found a staircase to the Orcish Mines.
 10615 | D:10     | Entered Level 10 of the Dungeon
 10834 | D:10     | Found a staircase to the Lair.
 10834 | D:10     | Noticed an elephant
 10852 | D:9      | Reached skill level 10 in Hexes
 10950 | D:9      | Learned a level 3 spell: Gell's Gravitas
 11408 | D:9      | Found a staircase to the Orcish Mines.
 11809 | D:9      | Reached skill level 1 in Translocations
 12122 | D:10     | Found Fozuan's Jewellery Shoppe.
 12247 | D:10     | Bought a ring of the Octopus King {AC+1 EV+1 Str+1 Int+1
                  | Dex+1 Stlth+} for 392 gold pieces
 12247 | D:10     | Found the ring of the Octopus King {AC+1 EV+1 Str+1 Int+1
                  | Dex+1 Stlth+}
 12247 | D:10     | Bought an uncursed amulet of guardian spirit for 300 gold
                  | pieces
 12336 | D:10     | Reached XP level 11. HP: 64/64 MP: 6/20
 12873 | D:10     | Reached *** piety under Dithmenos
 13354 | Lair:1   | Entered Level 1 of the Lair of Beasts
 13446 | Lair:1   | Learned a level 6 spell: Invisibility
 13448 | Lair:1   | Learned a level 1 spell: Apportation
 14032 | Lair:1   | Reached skill level 5 in Earth Magic
 14270 | Lair:2   | Found a dark tunnel.
 14284 | Volcano  | Entered a volcano
 14488 | Volcano  | Noticed a skeletal warrior
 14490 | Volcano  | Killed a skeletal warrior
 14698 | Volcano  | Noticed a skeletal warrior
 14954 | Lair:2   | Noticed Nergalle
 14962 | Lair:2   | Killed Nergalle
 14962 | Lair:2   | Reached XP level 12. HP: 71/71 MP: 22/22
 14989 | Lair:2   | Reached **** piety under Dithmenos
 15115 | Lair:2   | Found a shimmering blue altar of Sif Muna.
 15223 | Lair:2   | Noticed Urug
 15229 | Lair:2   | Noticed Sonja
 15230 | Lair:2   | Killed Urug
 15230 | Lair:2   | Reached skill level 11 in Hexes
 15237 | Lair:2   | Killed Sonja
 15374 | Lair:2   | Learned a level 2 spell: Blink
 15376 | Lair:2   | Identified a scroll of acquirement
 16681 | Lair:4   | Reached ***** piety under Dithmenos
 16686 | Lair:4   | Noticed a six-headed hydra
 16738 | Lair:4   | Killed a six-headed hydra
 16931 | Lair:4   | Reached skill level 12 in Hexes
 17171 | Lair:4   | Found a staircase to the Swamp.
 17188 | Lair:4   | Reached XP level 13. HP: 76/76 MP: 19/25
 17773 | Lair:4   | Found a staircase to the Snake Pit.
 18578 | Lair:5   | Reached skill level 10 in Dodging
 19135 | Lair:5   | Reached skill level 10 in Short Blades
 19480 | Lair:6   | Entered Level 6 of the Lair of Beasts
 19511 | Lair:6   | Found a gate leading to a gauntlet.
 19542 | Gauntlet | Entered a Gauntlet
 19542 | Gauntlet | Found a transporter.
 19542 | Gauntlet | Found a transporter.
 19558 | Gauntlet | Found a transporter.
 19562 | Gauntlet | Found a transporter.
 19572 | Gauntlet | Found a transporter.
 19576 | Gauntlet | Found a transporter.
 19585 | Gauntlet | Noticed an entropy weaver
 19586 | Gauntlet | Found a transporter.
 19607 | Gauntlet | Found a transporter.
 19624 | Gauntlet | Found a transporter.
 19628 | Gauntlet | Found a transporter.
 19638 | Gauntlet | Found a transporter.
 19642 | Gauntlet | Found a transporter.
 20018 | Gauntlet | Identified the ring "Otaiteq" {+Blink EV+4 Str+4 Dex+3}
 20018 | Gauntlet | Noticed a minotaur
 20032 | Gauntlet | Killed a minotaur
 20032 | Gauntlet | Reached skill level 13 in Hexes
 20247 | Lair:6   | Found a staircase to the Slime Pits.
 20247 | Lair:6   | Found a viscous altar of Jiyva.
 21147 | Lair:6   | Found a runed translucent door.
 21175 | Lair:6   | Reached skill level 1 in Shields
 21177 | Lair:6   | Reached XP level 14. HP: 84/84 MP: 14/27
 22312 | Lair:5   | Reached skill level 15 in Stealth
 23218 | Lair:6   | Reached skill level 14 in Hexes
 23257 | Lair:6   | Reached ****** piety under Dithmenos
 23694 | D:5      | Killed Gall2222's ghost
 24017 | D:11     | Found Huddeoni's Magic Scroll Boutique.
 24029 | D:11     | Bought 3 scrolls of teleportation for 135 gold pieces
 25118 | D:12     | Noticed Azrael
 25128 | D:12     | Killed Azrael
 25583 | D:12     | Noticed Maurice
 25590 | D:12     | Killed Maurice
 25792 | D:13     | Got a faintly glowing pewter ring
 25793 | D:13     | Identified the ring "Wuanip" {rF+ Dex+3 Slay+3 Stlth+} (You
                  | found it on level 13 of the Dungeon)
 25843 | D:13     | Noticed Josephine
 25848 | D:13     | Killed Josephine
 25946 | D:13     | Reached XP level 15. HP: 91/91 MP: 28/28
 26014 | D:13     | Reached skill level 5 in Transmutations
 26272 | D:13     | Found a gate to the Vaults.
 26288 | D:13     | Reached skill level 10 in Spellcasting
 26342 | D:13     | Noticed a fire giant
 26530 | D:13     | Found the +3 robe of Clouds {+Thunder rCloud rElec}
 26532 | D:13     | Killed a fire giant
 26539 | D:13     | Identified Sif Muna's Tome of Curses and Earth
 27228 | D:14     | Reached skill level 5 in Translocations
 27729 | D:15     | Entered Level 15 of the Dungeon
 28403 | D:15     | Found a shadowy altar of Dithmenos.
 28406 | D:15     | Found Fishredo's Gadget Boutique.
 28476 | D:15     | Reached skill level 10 in Fighting
 28641 | D:15     | Found a staircase to the Depths.
 28934 | D:15     | Found the +2 pair of boots of the Assassin {Detection Stab+
                  | Stlth++}
 29142 | Snake:1  | Entered Level 1 of the Snake Pit
 29179 | Snake:1  | Noticed Asterion
 29183 | Snake:1  | Killed Asterion
 29183 | Snake:1  | Reached skill level 15 in Hexes
 29369 | Snake:1  | Found Lownol's Distillery.
 29369 | Snake:1  | Found Fineudush's General Store.
 29370 | Snake:1  | Found Zetoprez's Armour Emporium.
 29387 | Snake:1  | Found Mucic's General Store.
 29414 | Snake:1  | Bought a book of Geomancy for 525 gold pieces
 29694 | Snake:1  | Noticed Agnes
 29702 | Snake:1  | Killed Agnes
 29933 | Snake:1  | Reached XP level 16. HP: 98/98 MP: 26/30
 30974 | Snake:2  | Found Beakhal's Jewellery Emporium.
 30976 | Snake:2  | Found Pilent's Gadget Boutique.
 30977 | Snake:2  | Found Wutyppom's Jewellery Emporium.
 32118 | Snake:3  | Reached skill level 16 in Hexes
 33445 | Snake:4  | Entered Level 4 of the Snake Pit
 33843 | Snake:3  | Learned a level 3 spell: Summon Guardian Golem
 33849 | Snake:3  | Learned a level 5 spell: Summon Mana Viper
 33853 | Snake:3  | Learned a level 3 spell: Inner Flame
 34300 | Snake:4  | Reached skill level 1 in Summonings
 34305 | Snake:4  | Reached XP level 17. HP: 93/104 MP: 9/32
 34476 | Snake:4  | Reached skill level 1 in Fire Magic
 35101 | Snake:4  | Reached skill level 17 in Hexes
 35730 | Snake:4  | Got a serpentine rune of Zot
 35981 | Slime:1  | Entered Level 1 of the Pits of Slime
 36024 | Swamp:1  | Entered Level 1 of the Swamp
 36762 | Swamp:1  | Reached skill level 1 in Evocations
 37141 | Swamp:2  | Got a scintillating lead ring
 37923 | Swamp:2  | Identified the ring of Agnosticism {Str+3 Dex+2 SInv} (You
                  | found it on level 2 of the Swamp)
 38390 | Swamp:3  | Noticed Donald
 38397 | Swamp:3  | Killed Donald
 38858 | Swamp:3  | Noticed a tentacled monstrosity
 38875 | Swamp:3  | Killed a tentacled monstrosity
 38923 | Swamp:4  | Entered Level 4 of the Swamp
 39817 | Swamp:4  | Reached XP level 18. HP: 112/112 MP: 31/34
 39959 | Swamp:4  | Reached skill level 18 in Hexes
 40722 | Swamp:4  | Got a decaying rune of Zot
 41115 | Orc:1    | Entered Level 1 of the Orcish Mines
 41571 | Orc:1    | Found a roughly hewn altar of Beogh.
 41598 | Orc:1    | Gained mutation: You tend to lose your temper in combat. [a
                  | neqoxec]
 41812 | Orc:2    | Entered Level 2 of the Orcish Mines
 41876 | Orc:2    | Found a staircase to the Elven Halls.
 41878 | Orc:2    | Found Hewoss's Armour Emporium.
 42503 | Orc:2    | Found Zeanabb's Food Boutique.
 42507 | Orc:2    | Reached skill level 5 in Evocations
 42536 | Orc:2    | Found Maucogeh's Food Shoppe.
 42712 | Orc:2    | Found Ihoprutt's Distillery.
 42732 | Orc:2    | Found a roughly hewn altar of Beogh.
 42772 | Orc:2    | Bought a potion of curing for 42 gold pieces
 42772 | Orc:2    | Bought a potion of curing for 42 gold pieces
 43200 | Vaults:1 | Entered Level 1 of the Vaults
 43422 | Vaults:1 | Reached skill level 15 in Dodging
 43748 | Vaults:1 | Cast into level 2 of the Abyss (a deep elf sorcerer)
 43834 | Abyss:2  | Paralysed by accursed screaming for 1 turns
 43906 | Abyss:2  | Paralysed by accursed screaming for 1 turns
 44201 | Vaults:1 | Escaped the Abyss
 44397 | Vaults:1 | Reached skill level 19 in Hexes
 45208 | Vaults:1 | Reached XP level 19. HP: 119/119 MP: 13/36
 46093 | Vaults:2 | Noticed Aizul
 46116 | Vaults:2 | Killed Aizul
 46320 | Vaults:2 | Noticed Xtahua
 46325 | Vaults:2 | Killed Xtahua
 47012 | Vaults:2 | Reached skill level 20 in Hexes
 47371 | Vaults:2 | Learned a level 3 spell: Mephitic Cloud
 47479 | Vaults:3 | Reached skill level 1 in Air Magic
 47493 | Vaults:3 | Reached skill level 1 in Poison Magic
 47526 | Vaults:3 | Paralysed by an orc sorcerer for 6 turns
 47620 | Vaults:3 | Found Qoerer's Book Shop.
 47630 | Vaults:3 | Bought the Incunabulum of Harmful Boosts for 790 gold
                  | pieces
 47630 | Vaults:3 | Bought the Grimoire of Displaced Evil Secrets for 920 gold
                  | pieces
 47633 | Vaults:3 | Learned a level 2 spell: Shroud of Golubria
 47684 | Vaults:3 | Reached skill level 1 in Conjurations
 47875 | Vaults:3 | Reached XP level 20. HP: 126/127 MP: 4/38
 48421 | Vaults:3 | Found a staircase to the Crypt.
 49949 | Vaults:4 | Reached skill level 15 in Spellcasting
 50345 | Vaults:4 | Reached skill level 15 in Fighting
 50678 | Vaults:4 | Gained mutation: You are dopey. (Int -2) [a cacodemon]
 51707 | Elf:1    | Entered Level 1 of the Elven Halls
 51762 | Elf:1    | Reached XP level 21. HP: 134/134 MP: 40/40
 51998 | Elf:1    | Identified the Guide on Attacks
 52007 | Elf:1    | Learned a level 4 spell: Leda's Liquefaction
 52012 | Elf:1    | Learned a level 4 spell: Cause Fear
 53241 | Elf:2    | Found a huge runed translucent gate.
 53241 | Elf:2    | Found a huge runed translucent gate.
 53428 | Elf:2    | Found a huge runed translucent gate.
 53972 | Elf:2    | Found a huge runed translucent gate.
 53972 | Elf:2    | Found a huge runed translucent gate.
 54470 | Elf:3    | Entered Level 3 of the Elven Halls
 54506 | Elf:3    | Found Ykloneoc's Food Emporium.
 54917 | Elf:3    | Gained mutation: You are surrounded by a mild repulsion
                  | field. (EV +2) [a cacodemon]
 54918 | Elf:3    | Killed from afar by a Tzitzimitl

Levels and vault maps discovered:
D:1:      dpeg_chamrin_arrival_tetris, layout_loops_ring
D:2:      layout_rooms, overflow_temple_1_default, kennysheep_jessica_study
D:3:      layout_loops_ring, overflow_temple_1_default, first_ration,
          minmay_close_crescents
D:4:      layout_basic, fedhas_altar_3, uniq_menkaure
D:5:      minmay_skewed_foursquare, layout_loops_ring, gammafunk_ghost_split,
          tgw_trog
D:6:      cheibrodos_fzero, layout_basic, minmay_temple_entry_drinking_statues,
          enter_ossuary_3
D:7:      layout_loops_corners, nemelex_xobeh_ov_fountains_minmay,
          nicolae_overflow_hidden_temple, grunt_livestock
D:8:      layout_loops_cross, lemuel_zombie_altar_kikubaaqudgha,
          gammafunk_temple_overflow_pools, kennysheep_generic_room_9
D:9:      layout_irregular_city, orc_0_dummy
D:10:     layout_rooms, david_lair_generic, serial_shops, shop
D:11:     layout_small_grid, serial_shops, shop, kennysheep_nondescript,
          nicolae_benzene_ring, hangedman_decor_growths, columned_hall_lemuel
D:12:     layout_roguey, uniq_maurice, uniq_azrael
D:13:     layout_loops_ring, david_vaults_5, minmay_radiant, uniq_josephine
D:14:     layout_loops_cross, serial_park_tiny_1
D:15:     gammafunk_enter_depths_forms, layout_basic, hangedman_decor_slide_cut,
          serial_shops, shop, nicolae_dithmenos_through_a_glass_darkly
Temple:   nicolae_temple_god_jail
Lair:1:   layout_cave_pods
Lair:2:   layout_small_grid, basic_altar, nicolae_volcano_entry_batcave,
          lemuel_fruit_fields, grunt_megastairs_5, uniq_nergalle, uniq_urug,
          uniq_sonja
Lair:3:   layout_gridlike
Lair:4:   cheibrodos_lair_river_kwai, layout_regular_city,
          skrybe_swamp_entry_bodies, minmay_snake_entry_guardpost_medium,
          lemuel_fruit_tree
Lair:5:   layout_layer_cave, roderic_carrion_pond, serial_bayou_shore_b
Lair:6:   guppyfry_lair_end_dragon, layout_regular_city, wormcave,
          slime_altar_1, gauntlet_entry_generic
Swamp:1:  cheibrodos_swamp_tower_of_moss, layout_falls_marsh,
          nicolae_swamp_rocky_clearing, swamp_pool5, hangedman_swamp_lotus
Swamp:2:  layout_basic_swamp, infiniplex_staircase_pool
Swamp:3:  cheibrodos_swamp_monstrosity, layout_basic_swamp, serial_swamp_ruin,
          evilmike_swamp_ruin_rubble_1, evilmike_swamp_ruin_house_4, uniq_donald
Swamp:4:  swamp, layout_basic_swamp, swamp_pool3
Snake:1:  layout_basic, grunt_megastairs_2, minmay_shoptagon, uniq_asterion,
          uniq_agnes
Snake:2:  layout_rooms, drop_trap, minmay_shop_grove, serial_bayou_shore_b
Snake:3:  layout_grid_maze, drop_trap
Snake:4:  minmay_snake_end_coiled, layout_misc_corridors, st_stairs_9
Slime:1:  layout_caves, nicolae_slime_barrier
Orc:1:    layout_caves, lemuel_statue_altar
Orc:2:    st_orc_open, layout_caves, basic_altar
Elf:1:    layout_onion_city, minmay_elf_annihilation, minivault_4
Elf:2:    layout_loops_corners
Elf:3:    minmay_elf_hall_x, layout_onion_city, serial_shops,
          nicolae_shop_crystal
Vaults:1: vaults_room_ringed_pool, nicolae_vaults_triangles,
          nicolae_vaults_gold_heap, vaults_room_grunt_arrival_checkpoint,
          vaults_standard_mumra_x, ontoclasm_vaults_decontamination,
          nicolae_vaults_big_angled_halls, layout_vaults_omnigrid
Vaults:2: vaults_room_door_ring, nicolae_vaults_border_crossing,
          hangedman_vaults_stitches, nicolae_vaults_network_square,
          vaults_standard_mumra_enter_the_diamond, vaults_room_fours, v_misc_17,
          st_more_cells, layout_vaults_omnicross, uniq_aizul, uniq_xtahua
Vaults:3: vaults_dpeg_ring, v_pattern_1, nicolae_vaults_little_squares_5,
          vaults_mumra_hex, v_misc_14, v_misc_24,
          nicolae_vaults_yaktaur_gun_rack, hangedman_vaults_hard_town_square,
          minmay_crypt_entry_simple_sparse, ontoclasm_vaults_ligature,
          ontoclasm_vaults_spin, nicolae_vaults_big_angled_halls,
          nicolae_vaults_network_star, ontoclasm_vaults_ring_small,
          nicolae_vaults_little_squares_3, layout_vaults_maze_bifur,
          serial_shops, nicolae_shop_trees
Vaults:4: v_rooms_3, nicolae_vaults_asterisk, hangedman_vaults_capsules,
          hangedman_vaults_stagger, nicolae_vaults_little_ls,
          vaults_mumra_minichess, v_misc_5, nicolae_vaults_ring_of_whatevers,
          v_misc_30, layout_vaults_big_room

Skill      XL: |  1  2  3  4  5  6  7  8  9 10 11 12 13 14 15 16 17 18 19 20 21 |
---------------+----------------------------------------------------------------+-----
Fighting       | 1 2 3 4 5 6 7 8 9 10 11 12 13 14 15 | 15.8
Short Blades   | 2 3 4 5 6 7 8 9 10 11 12 13 14 | 14.0
Ice Magic      | 1 2 |  2.1
Hexes          | 5 6 8 9 10 12 13 14 15 16 17 19 20 | 20.0
Stealth        | 5 6 8 9 10 12 13 14 15 | 15.0
Dodging        | 3 4 5 6 7 8 9 10 11 12 13 14 15 16 17 18 | 18.5
Spellcasting   | 3 4 5 6 7 8 9 10 11 12 13 14 15 16 | 16.0
Transmutations | 2 4 6 |  6.0
Earth Magic    | 3 4 5 6 |  6.0
Translocations | 1 3 4 5 6 |  6.0
Shields        | 1 4 |  4.0
Summonings     | 1 2 |  2.0
Fire Magic     | 2 |  2.0
Evocations     | 3 5 7 |  7.1
Air Magic      | 2 4 |  4.0
Poison Magic   | 2 |  2.0
Conjurations   | 1 2 |  2.0

Action                   |  1- 3 |  4- 6 |  7- 9 | 10-12 | 13-15 | 16-18 | 19-21 || total
-------------------------+-------+-------+-------+-------+-------+-------+-------++-------
Melee: Dagger            |    44 |    92 |   391 |   323 |   766 |  1000 |  1463 ||  4079
       Bite              |     1 |     5 |    38 |    29 |    83 |   131 |   241 ||   528
       Rapier            |       |       |       |       |       |    13 |       ||    13
 Cast: Corona            |     2 |       |       |       |       |       |       ||     2
       Ensorcelled Hiber |    16 |    27 |    49 |    90 |   169 |   275 |    31 ||   657
       Confuse           |       |     6 |    92 |    69 |   124 |   162 |    96 ||   549
       Tukima's Dance    |       |     2 |     3 |     2 |     6 |    36 |     4 ||    53
       Gell's Gravitas   |       |       |       |     1 |       |     2 |       ||     3
       Invisibility      |       |       |       |     2 |    21 |     5 |    12 ||    40
       Petrify           |       |       |       |       |    29 |    19 |       ||    48
       Blink             |       |       |       |       |     1 |    16 |     7 ||    24
       Summon Mana Viper |       |       |       |       |       |    34 |    33 ||    67
       Summon Guardian G |       |       |       |       |       |    24 |    18 ||    42
       Inner Flame       |       |       |       |       |       |     5 |       ||     5
       Shroud of Golubri |       |       |       |       |       |       |    28 ||    28
       Mephitic Cloud    |       |       |       |       |       |       |     5 ||     5
       Cause Fear        |       |       |       |       |       |       |     1 ||     1
       Leda's Liquefacti |       |       |       |       |       |       |     1 ||     1
 Abil: Exsanguinate      |     1 |       |       |       |       |       |       ||     1
       End Transformatio |       |       |       |     1 |     1 |       |       ||     2
       Bat Form          |       |       |       |     1 |     1 |       |       ||     2
Evoke: Wand              |       |       |       |       |     1 |     1 |     3 ||     5
  Use: Scroll            |       |       |    10 |    18 |    25 |    31 |    15 ||    99
       Potion            |       |       |       |       |     8 |    12 |    16 ||    36
 Stab: Sleeping          |    24 |    32 |    66 |   115 |   196 |   257 |   173 ||   863
       Confused          |       |     3 |    44 |    37 |    72 |    89 |    58 ||   303
       Distracted        |       |     2 |       |     3 |     2 |    19 |    12 ||    38
       Invisible         |       |       |       |    13 |    81 |    20 |    49 ||   163
       Petrified         |       |       |       |       |     6 |     5 |       ||    11
Armor: Robe              |    13 |    10 |    42 |    37 |    14 |       |       ||   116
       Scale mail        |       |       |       |     1 |       |       |       ||     1
       Acid dragon scale |       |       |       |       |    15 |   128 |   108 ||   251
Dodge: Dodged            |    22 |    42 |   237 |   256 |   339 |  1063 |   828 ||  2787
Block: Buckler           |       |       |       |       |    50 |   366 |   407 ||   823

Table legend:
 A = Non-vault XP
 B = Vault XP
 C = Vault XP percentage of total XP
 D = Non-vault monster count
 E = Vault monster count
 F = Vault count percentage of total count
                 A         B        C        D         E       F
            +---------+---------+-------+---------+---------+-------
      Total |  422053 |  244867 |  36.7 |    1191 |     455 |  27.6
            +---------+---------+-------+---------+---------+-------
        D:1 |      52 |       0 |   0.0 |      24 |       0 |   0.0
        D:2 |      16 |      39 |  70.9 |       9 |       2 |  18.2
        D:3 |     247 |      12 |   4.6 |      29 |       6 |  17.1
        D:4 |      86 |     169 |  66.3 |       4 |       1 |  20.0
        D:5 |     709 |     581 |  45.0 |      17 |      12 |  41.4
        D:6 |     467 |     677 |  59.2 |      13 |      13 |  50.0
        D:7 |     962 |     596 |  38.3 |      32 |       3 |   8.6
        D:8 |    1507 |      22 |   1.4 |      33 |       5 |  13.2
        D:9 |    3936 |     183 |   4.4 |      25 |       1 |   3.8
       D:10 |    3038 |     793 |  20.7 |      32 |       3 |   8.6
       D:11 |    4384 |       0 |   0.0 |      46 |       0 |   0.0
       D:12 |    3239 |    2934 |  47.5 |      24 |      10 |  29.4
       D:13 |    9152 |    9782 |  51.7 |      36 |      13 |  26.5
       D:14 |    4501 |       0 |   0.0 |      21 |       0 |   0.0
       D:15 |    5889 |    3469 |  37.1 |      17 |      11 |  39.3
     Lair:1 |    1261 |       0 |   0.0 |       7 |       0 |   0.0
     Lair:2 |    6866 |    3561 |  34.2 |      30 |       8 |  21.1
     Lair:3 |    4067 |       0 |   0.0 |      17 |       0 |   0.0
     Lair:4 |    4951 |    4055 |  45.0 |      25 |      16 |  39.0
     Lair:5 |    8999 |     740 |   7.6 |      21 |       6 |  22.2
     Lair:6 |   19642 |   10790 |  35.5 |      45 |      34 |  43.0
    Swamp:1 |    3550 |    2272 |  39.0 |      15 |       4 |  21.1
    Swamp:2 |   15824 |       0 |   0.0 |      35 |       0 |   0.0
    Swamp:3 |   12884 |   16192 |  55.7 |      26 |      14 |  35.0
    Swamp:4 |    9645 |    6880 |  41.6 |      19 |      14 |  42.4
    Snake:1 |   19359 |    6189 |  24.2 |      34 |       4 |  10.5
    Snake:2 |   17335 |       0 |   0.0 |      35 |       0 |   0.0
    Snake:3 |   21850 |     927 |   4.1 |      37 |       1 |   2.6
    Snake:4 |   20338 |   21602 |  51.5 |      47 |      43 |  47.8
      Orc:1 |    3623 |    6470 |  64.1 |      50 |      19 |  27.5
      Orc:2 |    2597 |    8153 |  75.8 |      25 |      18 |  41.9
      Elf:1 |   13385 |    4155 |  23.7 |      22 |       6 |  21.4
      Elf:2 |   22847 |   22053 |  49.1 |      37 |      28 |  43.1
      Elf:3 |    6084 |   14269 |  70.1 |      13 |      11 |  45.8
   Vaults:1 |   43822 |    6278 |  12.5 |      78 |       8 |   9.3
   Vaults:2 |   32386 |   29598 |  47.8 |      66 |      37 |  35.9
   Vaults:3 |   33537 |   29236 |  46.6 |      58 |      34 |  37.0
   Vaults:4 |   53382 |   22413 |  29.6 |      70 |      25 |  26.3
    Abyss:2 |    5634 |     484 |   7.9 |      17 |       1 |   5.6
    Ossuary |       0 |     251 | 100.0 |       0 |      16 | 100.0
    Volcano |       0 |    3578 | 100.0 |       0 |      16 | 100.0
   Gauntlet |       0 |    5464 | 100.0 |       0 |      12 | 100.0
            +---------+---------+-------+---------+---------+-------
